 Dungeon Crawl Stone Soup version 0.16-a0-1816-g2c93a98 (webtiles) character file.

3749 timbw the Summoner (level 9, 0/62 HPs)
             Began as a Demigod Summoner on Nov 3, 2014.
             Slain by a white ugly thing (17 damage)
             ... on level 10 of the Dungeon.
             The game lasted 00:36:14 (5936 turns).

timbw the Summoner (Demigod Summoner)               Turns: 5936, Time: 00:36:14

Health: 0/62       AC:  9    Str: 13    XL:     9   Next: 62%
Magic:  6/25       EV: 13    Int: 25    God:
Gold:   161        SH:  0    Dex: 20    Spells: 4 memorised, 7 levels left

rFire  . . .     SeeInvis .     g - +2 morningstar (freeze)
rCold  + . .     Clarity  .     A - +1 robe {rC+}
rNeg   . . .     SustAb   +     (no shield)
rPois  .         Gourm    +     (no helmet)
rElec  .         Spirit   .     (no cloak)
rCorr  .         Warding  .     (no gloves)
rMut   .         Stasis   .     C - +0 pair of boots
MR     .....                    l - amulet of Afifo {Gourm Str+2 Dex+4}
Stlth  ++........               w - +3 ring of protection
                                e - +2 ring of protection

@: not resistant to hostile enchantments, unstealthy
A: sustain abilities
a: no special abilities


You were on level 10 of the Dungeon.
You were full.

You visited 1 branch of the dungeon, and saw 10 of its levels.

You collected 381 gold pieces.
You spent 220 gold pieces at shops.

Inventory:

Hand weapons
 g - a +2 morningstar of freezing (weapon)
Missiles
 q - 3 javelins (quivered)
Armour
 a - a +1 robe
 v - a +0 pair of boots
 A - a +1 robe of cold resistance (worn)
 C - a +0 pair of boots (worn)
Magical staves
 x - an uncursed staff of death
 D - an uncursed staff of cold
Jewellery
 e - a +2 ring of protection (left hand)
 l - the amulet of Afifo (around neck) {Gourm Str+2 Dex+4}
   (You found it on level 6 of the Dungeon)

   [amulet of the gourmand]

   It allows you to eat raw meat even when not hungry.
   It affects your strength (+2).
   It affects your dexterity (+4).
 r - an uncursed ring of ice
 w - a +3 ring of protection (right hand)
Magical devices
 m - a wand of draining (2)
 o - a wand of digging (10)
Scrolls
 f - 2 scrolls of fog
 j - a scroll of immolation
 n - 5 scrolls of teleportation
 y - a scroll of acquirement {unknown}
Potions
 d - a potion of confusion
 k - a potion of heal wounds {unknown}
 p - 2 potions of agility
 s - a potion of lignification
 t - 2 potions of poison
 z - a potion of flight {unknown}
Books
 b - a book of Callings

   Spells                             Type                      Level
   Summon Small Mammal                Summoning                    1
   *Call Imp                          Summoning                    2
   *Call Canine Familiar              Summoning                    3
   Summon Guardian Golem              Hexes/Summoning              4
   *Summon Lightning Spire            Summoning/Air                4
   *Summon Ice Beast                  Ice/Summoning                4
Miscellaneous
 u - a crystal ball of energy
Comestibles
 c - a bread ration
 i - 3 meat rations
 B - a royal jelly


   Skills:
 - Level 1.7 Dodging
 - Level 1.7 Stealth
 + Level 6.3 Spellcasting
 * Level 10.4 Summonings
 + Level 6.0 Evocations


You had 7 spell levels left.
You knew the following spells:

 Your Spells              Type           Power        Failure   Level  Hunger
b - Call Imp              Summ           ######..     1%          2    None
c - Call Canine Familiar  Summ           ######..     1%          3    None
d - Summon Lightning Spi  Summ/Air       ####....     12%         4    ###....
e - Summon Ice Beast      Ice/Summ       ####....     12%         4    ###....


Dungeon Overview and Level Annotations

Branches:
Dungeon (10/15)            Temple (0/1) D:4             Orc (0/4) D:9
   Lair: D:8-11

Shops:
D:6 }   D:8 %

Annotations:
D:7 Joseph


Innate Abilities, Weirdness & Mutations

Your attributes are resistant to harm.


Message History

Sonja dies!
Your Evocations skill increases to level 6!
The white ugly thing headbutts you but does no damage.
You see here 2 curare-tipped needles.
Are you sure you want to stumble around while confused and next to your lightning spire?
Okay, then.
Are you sure you want to stumble around while confused and next to your lightning spire?
The white ugly thing headbutts you. The white ugly thing freezes you!
You resist.
Are you sure you want to stumble around while confused and next to your lightning spire?
You barely miss the white ugly thing.
The white ugly thing is lightly wounded.
You feel sick. The white ugly thing headbutts you.
The white ugly thing freezes you! You resist.
* * * LOW HITPOINT WARNING * * *
Drink which item? (? for menu, Esc to quit)
You feel better. The white ugly thing headbutts you!
* * * LOW HITPOINT WARNING * * *
The white ugly thing freezes you! You resist.
You die...

...+
#...#....#.<#.....#..###
##.#
+...#....#..#'#####..#..
E#.#
#...#....#...........#..
## +...#
...#...........#..
#...####.#...........#..
.
#..(...#.'.###########..
. .......###.# .........
........8...# ..######
........@((.#
.......Y.u..#
.....Y.....#
....)......#
...........# ..........#
....###..# ... #..# #..#


You could see a white ugly thing, 2 friendly ice beasts and a friendly lightning
spire.

Vanquished Creatures
  A giant frog (D:10)
  A scorpion (D:8)
  A yak zombie (D:8)
  A wight (D:8)
  An orc priest (D:9)
  A big kobold skeleton (D:10)
  An adder (D:9)
  3 giant cockroaches (D:5)
  A hobgoblin (D:8)
  3 jackals (D:8)
  A bat (D:5)
  2 kobolds
  An orc zombie (D:7)
  A rat (D:3)
  A ballistomycete (D:10)
20 creatures vanquished.

Vanquished Creatures (collateral kills)
  Fannar (D:10)
  Urug (D:10)
  A hill giant (D:10)
  An ugly thing (D:10)
  A komodo dragon (D:10)
  Sonja (D:10)
  A two-headed ogre (D:8)
  A hungry ghost (D:10)
  2 wolves (D:8)
  Grum (D:8)
  A wyvern (D:9)
  A hippogriff (D:8)
  A sky beast (D:6)
  A necrophage (D:6)
  3 ogres
  An ice beast (D:9)
  3 orc warriors
  A phantom (D:8)
  A crocodile (D:9)
  Duvessa (D:7)
  3 centaurs
  A big kobold (D:10)
  Blork the orc (D:7)
  3 giant frogs
  4 scorpions
  A hippogriff skeleton (D:8)
  4 wights (D:8)
  A goliath beetle (D:5)
  6 crimson imps
  Dowan (D:7)
  A gnoll shaman (D:4)
  3 hounds
  3 orc priests
  A giant frog skeleton (D:6)
  7 jellies
  3 orc wizards
  2 worker ants
  2 iguanas
  Jessica (D:2)
  An ogre skeleton (D:9)
  An ogre zombie (D:9)
  A mummy (D:7)
  10 adders
  8 gnolls
  A worker ant zombie (D:8)
  2 shadow imps
  A giant mite (D:7)
  4 giant geckos
  2 oozes
  18 orcs
  2 bats
  3 hobgoblins
  4 jackals (D:4)
  7 kobolds
  2 quokkas
  2 ball pythons
  3 giant newts
  A giant spore (D:10)
  6 goblins
  A goblin skeleton (D:5)
  A hobgoblin zombie (D:7)
  A kobold zombie (D:7)
  2 orc zombies (D:7)
  9 rats
166 creatures vanquished.

Vanquished Creatures (others)
  8 wolves
  A warg (D:10)
  2 ice beasts
  23 hounds
  12 crimson imps
  2 iron imps
  7 shadow imps
  8 white imps
  11 lightning spires
  3 rats
  A butterfly (D:8)
  A plant (D:10)
79 creatures vanquished.

Grand Total: 265 creatures vanquished

Notes
Turn   | Place    | Note
--------------------------------------------------------------
     0 | D:1      | timbw, the Demigod Summoner, began the quest for the Orb.
     0 | D:1      | Reached XP level 1. HP: 14/14 MP: 3/3
   139 | D:2      | Noticed Jessica
   162 | D:2      | Killed Jessica
   162 | D:2      | Reached skill level 4 in Summonings
   162 | D:2      | Reached XP level 2. HP: 7/20 MP: 0/4
   187 | D:2      | Learned a level 2 spell: Call Imp
   503 | D:3      | Found a blossoming altar of Fedhas.
   506 | D:3      | Found a burning altar of Makhleb.
   508 | D:3      | Found an iron altar of Okawaru.
   796 | D:3      | Found a bloodstained altar of Trog.
   816 | D:3      | Found a shimmering altar of Xom.
   816 | D:3      | Found a shimmering altar of Xom.
   816 | D:3      | Found a shimmering altar of Xom.
   817 | D:3      | Found a shimmering altar of Xom.
   817 | D:3      | Found a shimmering altar of Xom.
   818 | D:3      | Found a shimmering altar of Xom.
   843 | D:3      | You fall through a shaft!
   843 | D:5      | Entered Level 5 of the Dungeon
   878 | D:5      | Noticed an ogre
   882 | D:5      | Reached XP level 3. HP: 11/26 MP: 0/8
   944 | D:5      | Learned a level 3 spell: Call Canine Familiar
   999 | D:5      | Killed an ogre
   999 | D:5      | Reached skill level 5 in Summonings
   999 | D:5      | Reached XP level 4. HP: 26/33 MP: 1/11
  1185 | D:6      | Noticed a sky beast
  1242 | D:6      | Got a sparkling lead amulet
  1266 | D:6      | Killed a sky beast
  1266 | D:6      | Reached XP level 5. HP: 20/38 MP: 1/12
  1267 | D:6      | Identified the amulet of Afifo {Gourm Str+2 Dex+4} (You found it on level 6 of the Dungeon)
  1380 | D:6      | Noticed a necrophage
  1400 | D:6      | Killed a necrophage
  1467 | D:6      | Learned a level 4 spell: Summon Lightning Spire
  1473 | D:6      | Found Ghyra's Gadget Emporium.
  1738 | D:7      | Reached skill level 6 in Summonings
  1743 | D:7      | Reached XP level 6. HP: 45/45 MP: 15/17
  1808 | D:7      | Noticed Dowan
  1811 | D:7      | Noticed a small abomination
  1830 | D:7      | HP: 2/45 [small abomination[miscasting Summon Lightning Spire] (11)]
  2201 | D:7      | Noticed Joseph
  2797 | D:4      | Noticed a smoke demon
  2797 | D:4      | Noticed a blue devil
  2797 | D:4      | Noticed a rust devil
  2892 | D:4      | Found a shattered altar of Ashenzari.
  2897 | D:4      | Saw a vision of the Shoals and the Snake Pit.
  2897 | D:4      | Noticed a sea snake
  2897 | D:4      | Noticed a merfolk
  2897 | D:4      | Noticed a sea snake
  2897 | D:4      | Noticed a sea snake
  2897 | D:4      | Noticed a salamander
  2897 | D:4      | Noticed a black mamba
  2897 | D:4      | Noticed a naga
  2898 | D:4      | Noticed a siren
  2898 | D:4      | Noticed a merfolk
  2898 | D:4      | Noticed a naga
  2899 | D:4      | Noticed a black mamba
  2900 | D:4      | Noticed a sea snake
  3009 | D:4      | Found a staircase to the Ecumenical Temple.
  3379 | D:6      | Bought a crystal ball of energy for 220 gold pieces
  3416 | D:7      | Noticed Duvessa
  3425 | D:7      | Killed Dowan
  3449 | D:7      | Killed Duvessa
  3515 | D:7      | Reached skill level 1 in Evocations
  3540 | D:7      | Noticed Blork the orc
  3552 | D:7      | Killed Blork the orc
  3552 | D:7      | Reached XP level 7. HP: 48/50 MP: 10/19
  3613 | D:7      | Reached skill level 7 in Summonings
  3633 | D:7      | Noticed an ogre
  3638 | D:7      | Killed an ogre
  3658 | D:8      | Noticed Grum
  3669 | D:8      | Killed Grum
  3834 | D:8      | Found Twywkog's Food Boutique.
  3877 | D:8      | Noticed a two-headed ogre
  3965 | D:8      | Killed a two-headed ogre
  3965 | D:8      | Reached skill level 8 in Summonings
  3965 | D:8      | Reached XP level 8. HP: 33/57 MP: 4/22
  3972 | D:8      | Learned a level 4 spell: Summon Ice Beast
  3983 | D:8      | Found a shadowy altar of Dithmenos.
  4303 | D:8      | Reached skill level 5 in Spellcasting
  4456 | D:8      | Found a glowing golden altar of the Shining One.
  4456 | D:8      | Found a glowing silver altar of Zin.
  4456 | D:8      | Found a white marble altar of Elyvilon.
  4797 | D:9      | Reached skill level 9 in Summonings
  4808 | D:9      | Found a staircase to the Orcish Mines.
  5088 | D:10     | Entered Level 10 of the Dungeon
  5321 | D:10     | Found a stormy altar of Qazlal.
  5343 | D:10     | Noticed Urug
  5365 | D:10     | Killed Urug
  5365 | D:10     | Reached XP level 9. HP: 41/62 MP: 17/24
  5420 | D:10     | Noticed a green ugly thing
  5435 | D:10     | Killed a green ugly thing
  5435 | D:10     | Reached skill level 5 in Evocations
  5547 | D:10     | Noticed Fannar
  5565 | D:10     | Killed Fannar
  5718 | D:10     | Noticed a komodo dragon
  5722 | D:10     | Reached skill level 10 in Summonings
  5741 | D:10     | Killed a komodo dragon
  5775 | D:10     | Noticed a hill giant
  5801 | D:10     | Killed a hill giant
  5917 | D:10     | Noticed Sonja
  5926 | D:10     | Noticed a white ugly thing
  5932 | D:10     | Killed Sonja
  5936 | D:10     | Slain by a white ugly thing

Action                   |  1- 3 |  4- 6 |  7- 9 || total
-------------------------+-------+-------+-------++-------
Melee: Unarmed           |     8 |     2 |       ||    10
       Dagger            |       |    21 |     4 ||    25
       Morningstar       |       |       |    41 ||    41
       Great sword       |       |       |     5 ||     5
 Cast: Summon Small Mamm |    14 |       |       ||    14
       Call Imp          |    16 |    44 |    18 ||    78
       Call Canine Famil |     2 |    32 |    32 ||    66
       Summon Lightning  |       |     1 |    30 ||    31
       Summon Ice Beast  |       |       |    20 ||    20
Evoke: Crystal ball of e |       |       |    13 ||    13
       Wand              |       |       |     2 ||     2
  Use: Potion            |       |     3 |     1 ||     4
       Scroll            |       |     6 |     7 ||    13
 Stab: Sleeping          |       |     3 |       ||     3
       Distracted        |       |       |     2 ||     2
  Eat: Chunk             |     1 |    18 |    17 ||    36
       Bread ration      |       |     1 |       ||     1
